[ AOE2 MATCH · #505496159 ]
UnrankedKoreans vs Spanish
Player's team · LOSS
Rival team · WIN
[ REPLAY ANALYSIS · EXTRACTED FROM THE RECORDED GAME ]
Feudal
8:50
Castle
22:20
Imperial
36:12
| APM avg | 68.4 |
| APM peak | 105 |
| eAPM avg | 33.2 |
| Villagers / military | 181 / 344 |
Focus
⚔️ 47.2% · 🌾 52.8%
Fire Lancer ×159 · Skirmisher ×150 · Archer ×14 · Militia ×5 · Iron Pagoda ×4 · War Wagon ×3
Feudal
8:50
Castle
22:28
Imperial
42:48
| APM avg | 49.6 |
| APM peak | 82 |
| eAPM avg | 30.3 |
| Villagers / military | 150 / 278 |
Focus
⚔️ 40.6% · 🌾 59.4%
Cavalry Archer ×151 · Skirmisher ×47 · Scout Cavalry ×41 · Bombard Cannon ×11 · Mangonel ×10 · Monk ×5
Match map
Initial resources + every placement click. Lines = walls · curves = elevation contours. ◆ gold · ⬟ stone · ● berries · ✦ relic · ◌ wall gap
Your base· ✓ Closed at 22:20 · 44t walls · 1 gate(s)
elbanovic's base· Open — opponent sealed themselves in
Smoothed initial terrain · ◌ = detected wall gap · hover for details
Inputs per minute
— Pirate - - elbanovic
Build order — Pirate
First 150 of 771 actions detected
| 0:00 | Create | Villager (Male) |
| 0:01 | Build | House |
| 0:02 | Build | House |
| 0:04 | Create | Villager (Male) |
| 0:08 | Create | Villager (Male) |
| 0:14 | Create | Villager (Male) |
| 1:25 | Create | Villager (Male) |
| 1:50 | Create | Villager (Male) |
| 1:50 | Create | Villager (Male) |
| 2:01 | Build | Lumber Camp |
| 2:19 | Create | Villager (Male) |
| 2:20 | Create | Villager (Male) |
| 2:50 | Create | Villager (Male) |
| 2:55 | Build | House |
| 3:00 | Create | Villager (Male) |
| 3:01 | Create | Villager (Male) |
| 3:29 | Build | Palisade Wall |
| 3:31 | Build | Palisade Wall |
| 3:39 | Create | Villager (Male) |
| 3:40 | Create | Villager (Male) |
| 4:32 | Create | Villager (Male) |
| 4:32 | Create | Villager (Male) |
| 4:32 | Create | Villager (Male) |
| 5:06 | Create | Villager (Male) |
| 5:21 | Build | Barracks |
| 5:23 | Create | Villager (Male) |
| 5:23 | Create | Villager (Male) |
| 5:43 | Research | Loom |
| 5:47 | Build | House |
| 6:35 | Research | Feudal Age |
| 6:49 | Create | Militia |
| 6:53 | Build | Mining Camp |
| 7:04 | Create | Militia |
| 7:28 | Create | Militia |
| 7:28 | Create | Militia |
| 7:40 | Create | Villager (Male) |
| 7:51 | Create | Villager (Male) |
| 8:08 | Build | House |
| 8:49 | Create | Villager (Male) |
| 8:50 | Age | Feudal Age |
| 8:57 | Build | Archery Range |
| 9:06 | Research | Man-at-Arms (upgrade) |
| 9:11 | Research | Double-Bit Axe |
| 9:38 | Create | Villager (Male) |
| 9:53 | Create | Archer |
| 10:08 | Create | Villager (Male) |
| 10:08 | Create | Villager (Male) |
| 10:35 | Create | Archer |
| 10:41 | Build | House |
| 10:46 | Build | Mill |
| 10:58 | Create | Villager (Male) |
| 11:01 | Create | Villager (Male) |
| 11:19 | Build | Farm |
| 11:21 | Build | House |
| 11:32 | Create | Archer |
| 11:45 | Create | Skirmisher |
| 11:45 | Create | Villager (Male) |
| 11:49 | Build | Farm |
| 11:55 | Build | Farm |
| 12:06 | Build | Farm |
| 12:09 | Build | Palisade Wall |
| 12:15 | Create | Skirmisher |
| 12:19 | Create | Villager (Male) |
| 12:22 | Build | Farm |
| 12:27 | Build | Palisade Wall |
| 12:43 | Create | Skirmisher |
| 12:46 | Create | Villager (Male) |
| 12:52 | Build | Farm |
| 13:10 | Create | Villager (Male) |
| 13:11 | Create | Archer |
| 13:14 | Create | Skirmisher |
| 13:33 | Create | Villager (Male) |
| 13:39 | Build | Blacksmith |
| 13:42 | Build | Palisade Wall |
| 13:48 | Create | Skirmisher |
| 13:57 | Research | Town Watch |
| 14:03 | Build | House |
| 14:05 | Build | House |
| 14:09 | Build | House |
| 14:14 | Create | Skirmisher |
| 14:18 | Create | Villager (Male) |
| 14:24 | Research | Fletching |
| 14:35 | Create | Villager (Male) |
| 14:36 | Create | Villager (Male) |
| 14:38 | Build | Farm |
| 15:02 | Create | Skirmisher |
| 15:03 | Create | Villager (Male) |
| 15:23 | Create | Skirmisher |
| 15:24 | Create | Villager (Male) |
| 15:28 | Create | Villager (Male) |
| 15:31 | Build | House |
| 15:42 | Create | Villager (Male) |
| 15:48 | Create | Villager (Male) |
| 16:09 | Create | Skirmisher |
| 16:09 | Create | Skirmisher |
| 16:14 | Build | Farm |
| 16:15 | Build | Farm |
| 16:16 | Build | Farm |
| 16:18 | Build | Lumber Camp |
| 16:18 | Create | Villager (Male) |
| 16:23 | Build | House |
| 16:28 | Build | House |
| 16:42 | Create | Archer |
| 16:43 | Create | Archer |
| 16:50 | Create | Skirmisher |
| 16:55 | Create | Villager (Male) |
| 16:56 | Build | Farm |
| 17:06 | Create | Skirmisher |
| 17:17 | Build | Farm |
| 17:19 | Build | Farm |
| 17:30 | Create | Skirmisher |
| 17:35 | Build | Farm |
| 17:49 | Create | Villager (Male) |
| 17:51 | Build | Farm |
| 18:18 | Create | Villager (Male) |
| 18:19 | Create | Skirmisher |
| 18:33 | Create | Archer |
| 18:33 | Create | Archer |
| 18:42 | Build | Lumber Camp |
| 18:51 | Create | Villager (Male) |
| 19:04 | Build | Farm |
| 19:06 | Build | Farm |
| 19:22 | Create | Archer |
| 19:27 | Build | Barracks |
| 19:40 | Research | Castle Age |
| 20:02 | Create | Archer |
| 20:02 | Create | Archer |
| 20:21 | Research | Gold Mining |
| 20:26 | Research | Horse Collar |
| 20:43 | Research | Scale Mail Armor |
| 21:01 | Build | Farm |
| 21:14 | Create | Archer |
| 21:17 | Build | Farm |
| 21:18 | Build | Farm |
| 21:20 | Research | Forging |
| 21:35 | Build | Palisade Gate |
| 21:57 | Create | Villager (Male) |
| 22:03 | Create | Archer |
| 22:20 | Age | Castle Age |
| 22:20 | Research | Bodkin Arrow |
| 22:22 | Create | Fire Lancer |
| 22:22 | Create | Fire Lancer |
| 22:29 | Build | Town Center |
| 22:44 | Create | Fire Lancer |
| 22:44 | Create | Fire Lancer |
| 22:45 | Create | Villager (Male) |
| 23:10 | Create | Fire Lancer |
| 23:10 | Create | Fire Lancer |
| 23:11 | Create | Villager (Male) |
| 23:14 | Build | Siege Workshop |
Build order — elbanovic
First 150 of 649 actions detected
| 0:00 | Create | Villager (Male) |
| 0:00 | Create | Villager (Male) |
| 0:01 | Create | Villager (Male) |
| 0:01 | Create | Villager (Male) |
| 0:02 | Build | House |
| 0:02 | Build | House |
| 1:33 | Create | Villager (Male) |
| 1:58 | Create | Villager (Male) |
| 1:58 | Create | Villager (Male) |
| 2:19 | Build | Lumber Camp |
| 2:23 | Create | Villager (Male) |
| 2:40 | Create | Villager (Male) |
| 3:13 | Create | Villager (Male) |
| 3:14 | Create | Villager (Male) |
| 3:29 | Build | House |
| 3:40 | Create | Villager (Male) |
| 3:55 | Create | Villager (Male) |
| 4:07 | Create | Villager (Male) |
| 4:41 | Build | Mill |
| 4:44 | Create | Villager (Male) |
| 5:40 | Create | Villager (Male) |
| 5:42 | Research | Loom |
| 6:37 | Research | Feudal Age |
| 6:37 | Research | Feudal Age |
| 7:00 | Create | Villager (Male) |
| 7:08 | Build | House |
| 7:30 | Build | Barracks |
| 8:32 | Create | Villager (Male) |
| 8:39 | Build | Palisade Wall |
| 8:41 | Build | Palisade Wall |
| 8:42 | Build | Palisade Wall |
| 8:44 | Build | Palisade Wall |
| 8:46 | Build | Palisade Wall |
| 8:50 | Age | Feudal Age |
| 8:53 | Create | Villager (Male) |
| 8:57 | Build | Archery Range |
| 9:00 | Build | House |
| 9:04 | Build | Palisade Wall |
| 9:14 | Build | Palisade Wall |
| 9:16 | Create | Villager (Male) |
| 9:25 | Research | Double-Bit Axe |
| 9:34 | Build | House |
| 9:49 | Build | House |
| 9:50 | Create | Skirmisher |
| 9:54 | Create | Villager (Male) |
| 10:04 | Create | Villager (Male) |
| 10:07 | Create | Skirmisher |
| 10:10 | Build | House |
| 10:22 | Create | Skirmisher |
| 10:22 | Create | Villager (Male) |
| 10:32 | Create | Spearman |
| 10:41 | Create | Archer |
| 10:42 | Create | Villager (Male) |
| 10:55 | Create | Villager (Male) |
| 11:00 | Build | Palisade Wall |
| 11:02 | Build | Farm |
| 11:10 | Create | Villager (Male) |
| 11:33 | Create | Skirmisher |
| 11:35 | Create | Villager (Male) |
| 11:40 | Build | Farm |
| 11:48 | Create | Skirmisher |
| 11:49 | Create | Villager (Male) |
| 12:01 | Create | Skirmisher |
| 12:09 | Create | Villager (Male) |
| 12:13 | Build | Lumber Camp |
| 12:24 | Create | Skirmisher |
| 12:25 | Create | Villager (Male) |
| 12:42 | Create | Skirmisher |
| 12:45 | Create | Villager (Male) |
| 13:06 | Create | Skirmisher |
| 13:07 | Build | Farm |
| 13:10 | Build | House |
| 13:11 | Create | Villager (Male) |
| 13:18 | Create | Villager (Male) |
| 13:31 | Create | Skirmisher |
| 13:52 | Build | Blacksmith |
| 13:54 | Create | Villager (Male) |
| 13:57 | Build | Palisade Wall |
| 14:08 | Build | Farm |
| 14:09 | Build | Farm |
| 14:15 | Build | House |
| 14:21 | Build | Farm |
| 14:36 | Create | Villager (Male) |
| 14:41 | Build | Mining Camp |
| 14:44 | Create | Skirmisher |
| 14:48 | Build | Farm |
| 14:56 | Create | Skirmisher |
| 14:59 | Create | Villager (Male) |
| 15:02 | Build | House |
| 15:10 | Research | Fletching |
| 15:18 | Build | House |
| 15:26 | Create | Skirmisher |
| 15:44 | Create | Skirmisher |
| 15:48 | Create | Villager (Male) |
| 15:53 | Build | Farm |
| 15:54 | Build | Farm |
| 16:01 | Create | Skirmisher |
| 16:03 | Create | Villager (Male) |
| 16:05 | Build | House |
| 16:05 | Build | House |
| 16:08 | Build | Farm |
| 16:14 | Create | Skirmisher |
| 16:17 | Build | Farm |
| 16:45 | Create | Villager (Male) |
| 16:48 | Create | Skirmisher |
| 16:52 | Create | Villager (Male) |
| 16:58 | Build | Farm |
| 17:04 | Research | Horse Collar |
| 17:11 | Build | Farm |
| 17:19 | Create | Villager (Male) |
| 17:29 | Build | Farm |
| 17:32 | Create | Villager (Male) |
| 17:45 | Create | Villager (Male) |
| 17:49 | Build | Mill |
| 17:53 | Build | Farm |
| 18:01 | Create | Villager (Male) |
| 18:09 | Create | Skirmisher |
| 18:11 | Create | Villager (Male) |
| 18:15 | Build | Farm |
| 18:26 | Create | Villager (Male) |
| 18:31 | Create | Skirmisher |
| 18:55 | Build | Market |
| 18:58 | Create | Skirmisher |
| 18:59 | Create | Villager (Male) |
| 19:48 | Research | Castle Age |
| 19:50 | Create | Skirmisher |
| 19:52 | Create | Spearman |
| 20:11 | Research | Gold Mining |
| 20:20 | Create | Skirmisher |
| 20:31 | Create | Skirmisher |
| 20:37 | Build | Farm |
| 20:56 | Build | House |
| 21:08 | Build | Stable |
| 21:15 | Create | Skirmisher |
| 21:29 | Build | Farm |
| 21:32 | Create | Villager (Male) |
| 21:35 | Create | Skirmisher |
| 21:48 | Research | Scale Barding Armor |
| 21:59 | Build | Farm |
| 22:04 | Create | Skirmisher |
| 22:14 | Create | Skirmisher |
| 22:28 | Age | Castle Age |
| 22:31 | Research | Elite Skirmisher (upgrade) |
| 22:32 | Research | Bodkin Arrow |
| 22:45 | Build | Siege Workshop |
| 22:50 | Create | Villager (Male) |
| 22:53 | Research | Town Watch |
| 22:55 | Create | Villager (Male) |
| 22:55 | Create | Skirmisher |
| 23:04 | Create | Villager (Male) |
Match timeline
| 3:29 | Pirate · wall_segment Palisade Wall x1 |
| 3:31 | Pirate · wall_segment Palisade Wall x1 |
| 5:21 | Pirate · first_building Barracks |
| 7:30 | elbanovic · first_building Barracks |
| 8:39 | elbanovic · wall_segment Palisade Wall x1 |
| 8:41 | elbanovic · wall_segment Palisade Wall x1 |
| 8:42 | elbanovic · wall_segment Palisade Wall x1 |
| 8:44 | elbanovic · wall_segment Palisade Wall x1 |
| 8:46 | elbanovic · wall_segment Palisade Wall x1 |
| 8:50 | elbanovic · age_up feudal |
| 8:50 | Pirate · age_up feudal |
| 8:57 | elbanovic · first_building Archery Range |
| 8:57 | Pirate · first_building Archery Range |
| 9:04 | elbanovic · wall_segment Palisade Wall x1 |
| 9:14 | elbanovic · wall_segment Palisade Wall x7 |
| 11:00 | elbanovic · wall_segment Palisade Wall x9 |
| 12:09 | Pirate · wall_segment Palisade Wall x10 |
| 12:27 | Pirate · wall_segment Palisade Wall x14 |
| 13:42 | Pirate · wall_segment Palisade Wall x18 |
| 13:57 | elbanovic · wall_segment Palisade Wall x1 |
| 19:43 | elbanovic · first_market_sell 100 wood |
| 19:44 | elbanovic · first_market_buy 100 food |
| 21:08 | elbanovic · first_building Stable |
| 22:20 | Pirate · age_up castle |
| 22:28 | elbanovic · age_up castle |
| 22:45 | elbanovic · first_building Siege Workshop |
| 23:14 | Pirate · first_building Siege Workshop |
| 26:51 | elbanovic · wall_segment Palisade Wall x1 |
| 27:04 | elbanovic · wall_segment Palisade Wall x1 |
| 30:34 | elbanovic · first_building Monastery |
| 32:28 | Pirate · first_building Monastery |
| 35:02 | elbanovic · first_building Castle |
| 35:45 | Pirate · first_building Castle |
| 36:12 | Pirate · age_up imperial |
| 37:43 | Pirate · wall_segment Stone Wall x1 |
| 37:48 | Pirate · wall_segment Stone Wall x1 |
| 37:53 | Pirate · wall_segment Stone Wall x1 |
| 37:55 | Pirate · wall_segment Stone Wall x1 |
| 42:48 | elbanovic · age_up imperial |
| 43:36 | Pirate · first_market_sell 500 wood |
| 46:06 | Pirate · first_market_buy 100 stone |
| 52:46 | Pirate · resign |
[ AI ANALYSIS · 1 CREDIT ]
What really happened in this match?
Wolo.gg analyzes every decision: build order, eco, micro, common mistakes by bracket. Personalized analysis on WhatsApp or Discord in 30 seconds.
Civ guide
Koreans
Perfil
Jugador #1314256